 Dungeon Crawl Stone Soup version 0.28.0-53-g5a82cb258f (webtiles) character file.

Game seed: 11842107213669448530

23 Sanktem7 the Skirmisher (level 2, -1/27 HPs)
             Began as a Minotaur Fighter on June 2, 2022.
             Slain by Jessica
             ... wielding a +0 club
              (7 damage)
             ... on level 2 of the Dungeon.
             The game lasted 00:01:35 (704 turns).

Sanktem7 the Skirmisher (Minotaur Fighter)           Turns: 704, Time: 00:01:36

Health: -1/27      AC:  7    Str: 20    XL:     2   Next: 72%
Magic:  1/1        EV:  9    Int:  5    God:
Gold:   47         SH:  4    Dex:  9    Spells: 1/1 levels left

rFire   . . .      SeeInvis .   a - +0 war axe {axe}
rCold   . . .      Faith    .   c - +0 buckler
rNeg    . . .      Spirit   .   b - +0 scale mail
rPois   .          Reflect  .   (helmet restricted)
rElec   .          Harm     .   (no cloak)
rCorr   .          Rampage  .   (no gloves)
Will    .....                   (no boots)
Stlth   ..........              (no amulet)
HPRegen 0.09/turn               (no ring)
MPRegen 0.07/turn               (no ring)

@: no status effects
A: horns 2, retaliatory headbutt
a: no special abilities


You were on level 2 of the Dungeon.
You visited 1 branch of the dungeon, and saw 2 of its levels.

You collected 47 gold pieces.


Innate Abilities, Weirdness & Mutations

You have a pair of horns on your head.
You reflexively headbutt those who attack you in melee.


   Skills:
 * Level 4.0 Fighting
 * Level 3.0 Axes
 + Level 3.9 Armour
 + Level 3.9 Shields


You had one spell level left.
You didn't know any spells.
Your spell library was empty.

Inventory:

Hand Weapons
 a - a +0 war axe (weapon) {axe}
 f - a +1 mace of holy wrath {mace}
   (You found it on level 1 of the Dungeon)
Missiles
 i - 4 boomerangs (quivered) {throwing}
Armour
 b - a +0 scale mail (worn)
 c - a +0 buckler (worn)
Scrolls
 g - 2 scrolls of identify {unknown}
Potions
 d - a potion of might
 e - a potion of resistance {unknown}
 h - a potion of haste {unknown}

Dungeon Overview and Level Annotations

Branches:
Dungeon (2/15)

Altars:

Annotations:
D:2 Jessica, Sigmund

#.# ... #.# . #.# #.#
#.# #.# ########
#@#####......#
#.##.....###.#######.#
#.##..#......@@.)....#
#.ยง......###{#########
####.##..###.#
#.........# ###########


You could see Jessica (fast).


Message History

No target in view!
No target in view!
No target in view!
You see here a rat corpse.
Key pressed, stopping explore.
You open the door. You open the door. You open the door.
Done exploring.
There is a stone staircase leading down here.
You climb downwards.
There is a stone staircase leading up here.
You block the kobold's attack.
You barely miss the kobold. You block the kobold's attack.
You miss the kobold. The kobold misses you.
You slash the kobold!
You kill the kobold!
No target in view!
No target in view!
No target in view!
No target in view!
No target in view!
There is a stone staircase leading up here.
Found a stone staircase leading down.
Sigmund and Jessica come into view.
Jessica mumbles some strange words.
Jessica blinks!
Sigmund casts a spell at you.
You are confused.
You bump into the rock wall.
You're too confused to move!
Jessica gestures wildly while chanting.
Jessica blinks!
You bump into the rock wall.
You bump into the rock wall.
You feel less confused. Sigmund hits you but does no damage.
You barely miss Sigmund.
Sigmund laughs darkly.
Sigmund hits you with a +0 scythe! ๐Ÿ˜ฎ HP[-7]
You take 7 damage, and now have 20/27 hp.
MASSIVE DAMAGE!! (PAUSE)
You barely miss Sigmund. Sigmund gestures at you while chanting.
You are confused.
You barely miss Sigmund. Sigmund barely misses you.
Jessica gestures wildly while chanting.
Jessica seems to speed up.
You bump into the rock wall.
You bump into the rock wall.
Sigmund barely misses you.
You barely miss Sigmund. Your headbutt misses Sigmund.
Jessica gestures wildly while chanting.
Jessica blinks!
Sigmund hits you with a +0 scythe. ๐Ÿ˜ฎ HP[-4]
You take 4 damage, and now have 16/27 hp.
You barely miss Sigmund.
Sigmund points at you and mumbles some strange words.
You are more confused.
Sigmund closely misses you.
You bump into the rock wall.
Sigmund barely misses you.
You're too confused to move!
Jessica shouts, "You are a ghastly nuisance!"
Sigmund casts a spell at you.
You resist with significant effort. ๐Ÿ˜ฎ HP[+1] Sigmund hits you from afar with a +0 scythe!
* * * LOW HITPOINT WARNING * * *
๐Ÿ˜ฑ HP[-11]
You take 11 damage, and now have 6/27 hp.
MASSIVE DAMAGE!! (PAUSE) You're too confused to move!
You feel less confused.
Jessica mumbles some strange words.
Jessica blinks!
Sigmund says, "Don't worry, I'll kill you fast." ๐Ÿ˜จ HP[+1] Sigmund points at you and mumbles some strange words.
You are confused.
You bump into the rock wall.
Sigmund closely misses you.
You bump into the rock wall.
Jessica mumbles some strange words.
Jessica blinks!
Sigmund barely misses you. ๐Ÿ˜จ HP[+1] Sigmund closely misses you.
You bump into the rock wall.
You feel less confused. Jessica barely misses you.
Jessica hits you with a +0 club.
* * * LOW HITPOINT WARNING * * *
๐Ÿ˜ฑ HP[-2]
You take 2 damage, and now have 6/27 hp.
There is a stone staircase leading up here.
Jessica barely misses you. You furiously retaliate!
You headbutt Jessica, but do no damage.
Sigmund mumbles some strange words.
Sigmund flickers and vanishes!
Deactivating autopickup; reactivate with Ctrl-A.
Jessica hits you with a +0 club!
You die...

Skill      XL: |  1  2 |
---------------+-------+-----
Fighting       | 4 |  4.0
Axes           | 3 |  3.0
Armour         | |  3.9
Shields        | |  3.9

Action                   || total
-------------------------++-------
Melee: War axe           ||    41
       Headbutt          ||     4
Armor: Scale mail        ||    24
Dodge: Dodged            ||    21
Block: Buckler           ||    12

Levels and vault maps discovered:
D:1:      minmay_arrival_arboretum_small, layout_basic,
          hellmonk_ecumenical_altar_run_dry, minmay_misc_feat_plants,
          item_on_display_a
D:2:      layout_loops_cross, minmay_misc_feat_room,
          hangedman_abyss_or_decor_lesser_grid, uniq_sigmund, uniq_jessica

Notes
Turn   | Place    | Note
-------+----------+-------------------------------------------
     0 | D:1      | Sanktem7 the Minotaur Fighter began the quest for the Orb.
     0 | D:1      | Reached XP level 1. HP: 19/19 MP: 0/0
     0 | D:1      | magus.rc [v1.9.6]
    66 | D:1      | Found a faded altar of an unknown god.
   143 | D:1      | Reached XP level 2. HP: 26/27 MP: 1/1
   214 | D:1      | Reached skill level 4 in Fighting
   345 | D:1      | Reached skill level 3 in Axes
   654 | D:2      | Noticed Sigmund
   654 | D:2      | Noticed Jessica
   678 | D:2      | HP: 6/27 [Sigmund/+0 scythe (11)]
   701 | D:2      | HP: 6/27 [Jessica/+0 club (2)]
   704 | D:2      | Slain by Jessica

Vanquished Creatures
  3 bats (D:1)
  4 endoplasms (D:1)
  2 goblins (D:1)
  3 hobgoblins (D:1)
  2 kobolds
  A quokka (D:1)
  A frilled lizard (D:1)
  3 rats (D:1)
19 creatures vanquished.

Table legend:
 A = Non-vault XP
 B = Vault XP
 C = Vault XP percentage of total XP
 D = Non-vault monster count
 E = Vault monster count
 F = Vault count percentage of total count
                 A         B        C        D         E       F
            +---------+---------+-------+---------+---------+-------
      Total |      33 |       0 |   0.0 |      19 |       0 |   0.0
            +---------+---------+-------+---------+---------+-------
        D:1 |      31 |       0 |   0.0 |      18 |       0 |   0.0
        D:2 |       2 |       0 |   0.0 |       1 |       0 |   0.0
            +---------+---------+-------+---------+---------+-------

Illustrated notes

Table legend:
 A = Kills in this place as a percentage of kills in entire the game.
 B = Kills by you in this place as a percentage of kills by you in the entire game.
 C = Kills by friends in this place as a percentage of kills by friends in the entire game.
 D = Other kills in this place as a percentage of other kills in the entire game.
 E = Experience gained in this place as a percentage of experience gained in the entire game.
 F = Experience gained in this place divided by the number of levels of this place that you have seen.
                   A       B       C       D       E      F
               +-------+-------+-------+-------+-------+----------------------
         Total | 100.0 | 100.0 |   N/A |   N/A | 100.0 |  16.5
       Dungeon | 100.0 | 100.0 |   N/A |   N/A | 100.0 |  16.5
               +-------+-------+-------+-------+-------+----------------------

Table legend: (Time is in decaauts)
 A = Elapsed time spent in this place.
 B = Non-inter-level travel time spent in this place.
 C = Inter-level travel time spent in this place.
 D = Time resting spent in this place.
 E = Time spent auto-exploring this place.
 F = Levels seen in this place.
 G = Mean time per level.
                   A        B        C        D        E       F      G
               +--------+--------+--------+--------+--------+-----+--------+
         Total |    720 |    711 |      9 |      0 |    547 |   2 |  360.0 |
       Dungeon |    720 |    711 |      9 |      0 |    547 |   2 |  360.0 |
               +--------+--------+--------+--------+--------+-----+--------+

Top non-repeatable levels by time:
     D:1: 627 daAuts
     D:2: 92 daAuts
